[Event "Mukachevo IM May 2019"]
[Site "Mukachevo"]
[Date "2019.05.09"]
[Round "1.1"]
[White "Vachylia, Andrii"]
[Black "Tran, David"]
[Result "1-0"]
[ECO "E90"]
[WhiteElo "2285"]
[BlackElo "2070"]
[Annotator "NA"]
[PlyCount "75"]
[EventDate "2019.05.09"]
[EventType "tourn"]
[EventCountry "UKR"]
[SourceTitle "playchess.com"]
[Source "ChessBase"]
[SourceQuality "1"]
[TimeControl "40/5400+30:900+30"]

1. d4 Nf6 2. c4 g6 3. Nc3 Bg7 4. e4 d6 5. Nf3 O-O 6. h3 c5 7. d5 e6 8. Be2 exd5 9. exd5 Re8 10. O-O Bf5 11. Bd3 {[%emt 0:20:29] E91: King's Indian: Classical: 6 Be2, unusual replies including 6...c5 and 6...Bg4} Ne4 12. Ne2 $146 ({Predecessor:} 12. Nxe4 Bxe4 13. Bxe4 Rxe4 14. Qc2 Re8 15. Bf4 Qc7 16. Ng5 Nd7 17. Ne4 Ne5 18. Rae1 h6 {½-½ (44) Meier,G (2644)-Smirin,I (2644) Jerusalem 2017}) 12... h5 13. Qc2 Nd7 14. a4 Qf6 15. Ra3 Ne5 16. Nxe5 Qxe5 17. Rb3 Nf6 18. Bxf5 Qxe2 19. Qxe2 Rxe2 20. Bd3 Re7 21. Bg5 Rae8 22. a5 Rd7 23. Be3 Ne4 24. g4 hxg4 25. hxg4 Bd4 26. Bxd4 Nd2 27. Bc3 Nxb3 28. Bc2 Nd4 29. Bxd4 cxd4 30. Ba4 Rde7 31. Bxe8 Rxe8 32. Rd1 Re4 33. f3 Rf4 34. Kf2 g5 35. b3 Kg7 36. Re1 Kf8 $18 ({Black should try} 36... Kf6 $14) 37. Re2 f6 38. Re4 1-0

[Event "Mukachevo IM May 2019"]
[Site "Mukachevo"]
[Date "2019.05.09"]
[Round "1.2"]
[White "Martynyuk, Elizaveta"]
[Black "Tiba, Vladyslav"]
[Result "1-0"]
[ECO "B42"]
[WhiteElo "2141"]
[BlackElo "2370"]
[Annotator "NA"]
[PlyCount "56"]
[EventDate "2019.05.09"]
[EventType "tourn"]
[EventCountry "UKR"]
[SourceTitle "playchess.com"]
[Source "ChessBase"]
[SourceQuality "1"]
[TimeControl "40/5400+30:900+30"]

1. e4 c5 2. Nf3 e6 3. d4 cxd4 4. Nxd4 a6 5. Bd3 Bc5 6. Nb3 Be7 7. Qg4 g6 8. Nc3 d6 9. O-O Nd7 10. Qe2 Qc7 11. a4 b6 12. Be3 Bb7 13. f4 Ngf6 14. f5 gxf5 15. exf5 e5 16. Bf2 Rg8 17. Bg3 h5 18. Be4 Nxe4 19. Nxe4 Nf6 20. Nbd2 h4 21. Nxf6+ Bxf6 22. Ne4 Bxe4 23. Qxe4 d5 24. Qxd5 Rd8 25. Bxe5 Qxe5 26. Qc6+ Kf8 27. Qxb6 h3 28. Qb4+ Be7 1-0

[Event "Mukachevo IM May 2019"]
[Site "Mukachevo"]
[Date "2019.05.09"]
[Round "1.3"]
[White "Itkis, Boris"]
[Black "Larkin, Vladyslav"]
[Result "1/2-1/2"]
[ECO "D45"]
[WhiteElo "2327"]
[BlackElo "2366"]
[Annotator "NA"]
[PlyCount "59"]
[EventDate "2019.05.09"]
[EventType "tourn"]
[EventCountry "UKR"]
[SourceTitle "playchess.com"]
[Source "ChessBase"]
[SourceQuality "1"]
[TimeControl "40/5400+30:900+30"]

1. Nf3 Nf6 2. c4 c6 3. Nc3 d5 4. e3 e6 5. d4 Nbd7 6. Qc2 Bd6 7. Bd3 Qe7 8. O-O dxc4 9. Bxc4 O-O 10. h3 e5 11. a3 e4 {[%emt 0:05:16] D46: Semi-Slav: 5 e3 Nbd7 6 Bd3, Black avoids the Meran} (11... b5 12. Ba2 Bb7 13. Bd2 a5 14. Ng5 Kh8 15. Rad1 b4 16. Nce4 Nxe4 17. Nxe4 bxa3 18. Nxd6 Qxd6 19. dxe5 Nxe5 {1-0 (43) Jakovenko,D (2735)-Adly,A (2626) St Petersburg 2018}) 12. Ng5 Nb6 13. Ba2 Bf5 14. f3 Bg6 15. Ngxe4 Nxe4 16. fxe4 Rae8 17. Bd2 Bxe4 $146 ({Predecessor:} 17... Nd5 18. Nxd5 cxd5 19. Bxd5 Bxe4 20. Bxe4 Qxe4 21. Qxe4 Rxe4 {1-0 (73) Murugan,K (2430)-Knox,V (2315) Dundee 1993}) 18. Nxe4 Qxe4 19. Qxe4 Rxe4 20. Rf3 Re7 $11 21. Raf1 Nd5 22. Bxd5 cxd5 23. Rc1 Rc7 24. Rxc7 Bxc7 25. Rf1 Rd8 26. Rc1 Rd7 27. Kf2 f6 28. Ke2 Kf7 29. Kd3 Ke6 30. a4 {[%emt 0:00:23] Ke5 Ke4+} 1/2-1/2

[Event "Mukachevo IM May 2019"]
[Site "Mukachevo"]
[Date "2019.05.09"]
[Round "1.4"]
[White "Shkuran, Danylo"]
[Black "Oros, Robert"]
[Result "1/2-1/2"]
[ECO "B19"]
[WhiteElo "2357"]
[BlackElo "2316"]
[Annotator "NA"]
[PlyCount "63"]
[EventDate "2019.05.09"]
[EventType "tourn"]
[EventCountry "UKR"]
[SourceTitle "playchess.com"]
[Source "ChessBase"]
[SourceQuality "1"]
[TimeControl "40/5400+30:900+30"]

1. e4 c6 2. d4 d5 3. Nc3 dxe4 4. Nxe4 Bf5 5. Ng3 Bg6 6. Nf3 Nd7 7. h4 h6 8. h5 Bh7 9. Bd3 Bxd3 10. Qxd3 Ngf6 11. Bd2 e6 12. O-O-O Qc7 13. Ne4 Nxe4 14. Qxe4 O-O-O 15. Bf4 {[%emt 0:02:35] B19: Classical Caro-Kann: 4...Bf5 main line} (15. Kb1 Nf6 16. Qe2 Bd6 17. c4 Rhe8 18. Bc3 Ng4 19. Ne1 f5 20. Nd3 Nf6 21. f3 Qf7 22. g4 g6 23. Ne5 Bxe5 24. dxe5 {1-0 (45) Kovalev,A (2526)-Sulskis,S (2547) Vilnius 2015}) 15... Bd6 16. Bxd6 Qxd6 17. Ne5 Nxe5 18. dxe5 Qc7 19. f4 $146 ({Predecessor:} 19. c4 Rxd1+ 20. Rxd1 Rd8 21. Rxd8+ Qxd8 22. Kc2 Qa5 {½-½ (41) Dragovic,M (2390)-Markovic,D (2240) Yugoslavia 1994}) 19... Qa5 20. a3 Rd5 21. Rxd5 Qxd5 $11 22. Qxd5 cxd5 23. Rh3 Kd7 24. Rg3 Rg8 25. Kd2 Ke7 26. Rb3 Rb8 27. Rc3 Kd7 28. Rg3 Rg8 29. Rb3 Rb8 30. Rg3 Rg8 31. Rb3 Rb8 32. Rg3 1/2-1/2

[Event "Mukachevo IM May 2019"]
[Site "Mukachevo"]
[Date "2019.05.09"]
[Round "1.5"]
[White "Shankovskyi, Andrii"]
[Black "Ceres, Dragos"]
[Result "1-0"]
[ECO "C11"]
[WhiteElo "2374"]
[BlackElo "2317"]
[Annotator "NA"]
[PlyCount "83"]
[EventDate "2019.05.09"]
[EventType "tourn"]
[EventCountry "UKR"]
[SourceTitle "playchess.com"]
[Source "ChessBase"]
[SourceQuality "1"]
[TimeControl "40/5400+30:900+30"]

1. e4 e6 2. d4 d5 3. Nc3 Nf6 4. Bg5 dxe4 5. Nxe4 Nbd7 6. Nf3 Be7 7. Nxf6+ Bxf6 8. Bxf6 Nxf6 9. Bb5+ c6 10. Bd3 c5 11. Qd2 cxd4 12. O-O-O O-O 13. Rhe1 $146 {[%emt 0:07:21] C13: French: Classical System: 4 Bg5 Be7, Alekhine-Chatard Attack} ({Predecessor:} 13. Nxd4 a6 14. f4 Qc7 15. Nf3 b5 16. Ne5 Bb7 17. Rhe1 Rfd8 18. Qe2 Bd5 19. Kb1 Qa5 20. b3 Bb7 21. Nxf7 {1-0 (35) Salewski,B (1993)-Towers,B (1805) Douglas 2017}) 13... Qb6 14. Nxd4 Rd8 15. c3 Bd7 16. Bc2 Qa5 17. Kb1 Ba4 18. Bxa4 Qxa4 19. Qc2 Qxc2+ 20. Kxc2 a6 21. f4 g6 22. Nb3 Rxd1 23. Rxd1 Nd5 24. Rd4 Ne3+ 25. Kd3 Nxg2 26. Ke4 Rc8 27. Rd7 b5 28. Nd4 Rc4 29. a3 Ra4 30. Ra7 h6 31. Rb7 Rc4 32. Ra7 Ra4 33. b4 Rxa3 {[%emt 0:02:04] [#]} 34. Nxb5 $1 Ra1 35. Nd6 Rf1 (35... Re1+ $11 {keeps the balance.} 36. Kf3 Nh4+ 37. Kg4 Nf5 38. Nxf7 (38. Rxa6 h5+ 39. Kg5 Nxd6 $17) 38... Rc1) 36. Rxa6 ({Worse is} 36. Rxf7 Re1+ 37. Kf3 Nh4+ 38. Kf2 Rd1 $11) 36... Rxf4+ 37. Kd3 Rf3+ 38. Kd4 e5+ 39. Kc4 Ne3+ (39... Kf8 $16) 40. Kc5 Nf5 41. Ne4 $18 Re3 42. b5 1-0

[Event "Mukachevo IM May 2019"]
[Site "Mukachevo"]
[Date "2019.05.10"]
[Round "2.1"]
[White "Tran, David"]
[Black "Ceres, Dragos"]
[Result "1-0"]
[ECO "C70"]
[WhiteElo "2070"]
[BlackElo "2317"]
[Annotator "NA"]
[PlyCount "111"]
[EventDate "2019.05.09"]
[EventType "tourn"]
[EventCountry "UKR"]
[SourceTitle "playchess.com"]
[Source "ChessBase"]
[SourceQuality "1"]
[TimeControl "40/5400+30:900+30"]

1. e4 e5 2. Nf3 Nc6 3. Bb5 a6 4. Ba4 b5 5. Bb3 g6 (5... Na5 6. O-O d6 7. d4 exd4 8. Nxd4 Bb7 9. Nf3 Be7 10. Nc3 Nf6 11. Re1 O-O 12. Bg5 h6 13. Bh4 c5 14. Bxf6 Bxf6 15. Bd5 Bxd5 16. Qxd5 Nc4 {1-0 (42) Alekseenko,K (2637)-Vallejo Pons,F (2698) chess.com INT 2019}) 6. a4 {[%emt 0:04:56] C70: Ruy Lopez: 3...a6 4 Ba4, Norwegian and Delayed Schliemann} b4 7. c3 Bg7 8. O-O $146 ({Predecessor:} 8. d4 bxc3 9. bxc3 exd4 10. cxd4 Nge7 11. Nc3 O-O 12. O-O d6 13. h3 {1-0 (39) Palac,M (2548)-Bosiocic,M (2591) Bled 2018}) 8... Nge7 9. cxb4 Rb8 10. b5 axb5 11. axb5 Rxb5 12. Nc3 Rb8 13. d3 O-O 14. Nd5 Nxd5 15. Bxd5 Nb4 16. Bc4 c6 17. Bg5 Qe8 18. Ra7 h6 19. Bd2 Kh7 (19... c5 $11 {keeps the balance.}) 20. Qa4 Qe7 $2 {[%emt 0:07:13] [#]} (20... c5 $1 $14) 21. Ra8 $2 ({Only move:} 21. Qa5 $1 $18) 21... Rxa8 22. Qxa8 c5 23. Qa7 Nc6 24. Qc7 Rd8 (24... f5 $14) 25. Bb5 (25. Bd5 $142 Re8 26. Qb6) 25... Nd4 (25... Re8 $16) 26. Nxd4 exd4 27. Bf4 Bf8 28. Bd6 $1 Qf6 29. Bxf8 Rxf8 30. Qxc5 d6 31. Qc7 Bh3 (31... Qg5 $16 {was necessary.} 32. Qxd6 {[%mdl 64] Double Attack} Bh3) 32. f4 Rc8 $2 {[%emt 0:04:16] [#]} (32... Be6 {keeps fighting.} 33. Qxd6 Kg7) 33. Qb7 $1 Bxg2 34. Kxg2 ({Not} 34. Qxc8 Bxf1 35. Qg4 (35. Kxf1 Qxf4+ {[%mdl 64] Double Attack} 36. Ke1 Qh4+ 37. Kd2 Qg5+ {[%mdl 64] Double Attack} 38. Kc2 Qxb5 $11) 35... h5 $18) 34... Rc2+ 35. Kg3 Rxb2 36. Qd5 g5 37. Bc4 gxf4+ 38. Rxf4 Qg6+ 39. Rg4 Rg2+ 40. Kxg2 Qxg4+ 41. Kf2 Qh4+ 42. Kf1 Qf4+ {[%emt 0:01:11] [#]} 43. Ke2 $1 Qxh2+ 44. Kd1 Qg1+ 45. Kc2 Qf2+ 46. Kb3 Kg7 47. Qf5 Qxf5 48. exf5 Kf6 49. Bd5 Kxf5 50. Bxf7 Kf4 51. Kc4 Ke3 52. Bd5 h5 53. Ba8 h4 54. Bb7 h3 55. Ba8 h2 56. Be4 1-0

[Event "Mukachevo IM May 2019"]
[Site "Mukachevo"]
[Date "2019.05.10"]
[Round "3.1"]
[White "Martynyuk, Elizaveta"]
[Black "Tran, David"]
[Result "0-1"]
[ECO "C54"]
[WhiteElo "2141"]
[BlackElo "2070"]
[Annotator "NA"]
[PlyCount "56"]
[EventDate "2019.05.09"]
[EventType "tourn"]
[EventCountry "UKR"]
[SourceTitle "playchess.com"]
[Source "ChessBase"]
[SourceQuality "1"]
[TimeControl "40/5400+30:900+30"]

1. e4 e5 2. Nf3 Nc6 3. Bc4 Bc5 4. c3 Nf6 5. d3 a6 6. Nbd2 d6 7. Bb3 O-O 8. O-O Ba7 9. Re1 Ng4 10. Re2 Kh8 11. h3 Nh6 12. Nf1 f5 13. Bg5 Qe8 14. exf5 Nxf5 15. d4 Qg6 16. dxe5 Nxe5 17. N1h2 Ng3 18. Rxe5 dxe5 19. Be7 Re8 20. Nxe5 Bxf2+ 21. Kxf2 Ne4+ 22. Ke3 Qg3+ 23. Kxe4 Bf5+ 24. Kxf5 Rxe7 25. Nf7+ Kg8 26. Nd8+ Kh8 27. Nf3 Qg6+ 28. Kf4 Re4# 0-1

[Event "Mukachevo IM May 2019"]
[Site "Mukachevo"]
[Date "2019.05.10"]
[Round "3.3"]
[White "Shkuran, Danylo"]
[Black "Tiba, Vladyslav"]
[Result "1/2-1/2"]
[ECO "C42"]
[WhiteElo "2357"]
[BlackElo "2370"]
[Annotator "NA"]
[PlyCount "63"]
[EventDate "2019.05.09"]
[EventType "tourn"]
[EventCountry "UKR"]
[SourceTitle "playchess.com"]
[Source "ChessBase"]
[SourceQuality "1"]
[TimeControl "40/5400+30:900+30"]

1. e4 e5 2. Nf3 Nf6 3. Nxe5 d6 4. Nf3 Nxe4 5. Qe2 Qe7 6. d3 Nf6 7. Bg5 Qxe2+ 8. Bxe2 Be7 9. Nc3 h6 10. Bf4 Nc6 11. O-O-O Bf5 12. h3 O-O-O 13. Rhe1 Rhe8 14. Bf1 Bf8 15. Be3 a6 $11 16. Nd4 Bd7 17. Nxc6 Bxc6 18. Bd4 Nd5 19. Nxd5 Bxd5 20. b3 Kd7 21. Kd2 Rxe1 22. Rxe1 Re8 23. Rxe8 Kxe8 24. c4 Bc6 25. g3 g6 26. h4 h5 27. Bh3 Bh6+ 28. Be3 Bg7 29. d4 Bd7 30. Bxd7+ Kxd7 31. Kd3 Ke6 32. Ke4 {Ke5+} 1/2-1/2

[Event "Mukachevo IM May 2019"]
[Site "Mukachevo"]
[Date "2019.05.10"]
[Round "3.4"]
[White "Shankovskyi, Andrii"]
[Black "Larkin, Vladyslav"]
[Result "1/2-1/2"]
[ECO "C42"]
[WhiteElo "2374"]
[BlackElo "2366"]
[Annotator "ChessBase"]
[PlyCount "70"]
[EventDate "2019.05.09"]
[EventType "tourn"]
[EventCountry "UKR"]
[SourceTitle "playchess.com"]
[Source "ChessBase"]
[SourceQuality "1"]
[TimeControl "40/5400+30:900+30"]

1. e4 e5 2. Nf3 Nf6 3. Nxe5 d6 4. Nf3 Nxe4 5. Qe2 Qe7 6. d3 Nf6 7. Bg5 Nbd7 8. Nc3 Qxe2+ 9. Bxe2 Be7 10. O-O-O h6 11. Bh4 O-O 12. Nd4 Re8 13. Rde1 c6 14. Nf5 Bf8 15. Bd1 g5 16. Bg3 Ne5 17. Ne3 Ng6 18. h4 d5 19. hxg5 hxg5 20. Ncxd5 cxd5 21. Nxd5 Nxd5 22. Rxe8 Nf6 23. Rd8 Kg7 24. Bd6 Bxd6 25. Rxd6 Be6 26. c3 Bd5 27. c4 Bxg2 28. Rg1 Nf4 29. b4 Kg6 30. b5 Kf5 31. Re1 Ne8 32. Rd7 Nf6 33. Rd6 Ne8 34. Rd4 Nf6 35. Rd6 Ne8 1/2-1/2

[Event "Mukachevo IM May 2019"]
[Site "Mukachevo"]
[Date "2019.05.11"]
[Round "5.1"]
[White "Itkis, Boris"]
[Black "Tran, David"]
[Result "1-0"]
[ECO "E63"]
[WhiteElo "2327"]
[BlackElo "2070"]
[Annotator "NA"]
[PlyCount "67"]
[EventDate "2019.05.09"]
[EventType "tourn"]
[EventCountry "UKR"]
[SourceTitle "playchess.com"]
[Source "ChessBase"]
[SourceQuality "1"]
[TimeControl "40/5400+30:900+30"]

1. d4 Nf6 2. Nf3 g6 3. c4 Bg7 4. g3 O-O 5. Bg2 d6 6. Nc3 Nc6 7. O-O a6 8. b3 Rb8 9. d5 Na5 {[%emt 0:02:23] E63: King's Indian: Fianchetto: Panno Variation with 7...a6} 10. Bg5 c5 11. dxc6 $1 Nxc6 12. Rc1 h6 13. Bd2 {[%emt 0:00:09] [#]} e6 $146 ({Predecessor:} 13... Be6 14. Ne1 Qd7 15. Nd5 h5 16. Bc3 Bh3 17. Nxf6+ Bxf6 18. Bxf6 exf6 19. Bxh3 Qxh3 {1-0 (66) Cordova,E (2595)-Cuenca Jimenez,J (2513) Merida 2018}) 14. Qc2 d5 15. Bf4 Ra8 16. Rfd1 Nb4 (16... Qa5 $16 {was necessary.}) 17. Qb1 Qa5 18. Be5 dxc4 19. bxc4 Nc6 20. Bf4 Rd8 21. Rxd8+ Qxd8 (21... Nxd8 $142 22. c5 Nd5 23. Nxd5 exd5) 22. Ne5 $18 Nxe5 23. Bxe5 Ng4 24. Bxg7 Kxg7 25. Rd1 Qc7 26. Qb2 Kh7 27. Ne4 Qe5 28. Qb6 Nf6 29. Nxf6+ Qxf6 30. Qc7 e5 31. Rd8 Qf5 32. Be4 Qe6 33. Bd5 Qf5 34. e4 1-0

[Event "Mukachevo IM May 2019"]
[Site "Mukachevo"]
[Date "2019.05.11"]
[Round "5.2"]
[White "Shkuran, Danylo"]
[Black "Martynyuk, Elizaveta"]
[Result "1-0"]
[ECO "A06"]
[WhiteElo "2357"]
[BlackElo "2141"]
[Annotator "ChessBase"]
[PlyCount "67"]
[EventDate "2019.05.09"]
[EventType "tourn"]
[EventCountry "UKR"]
[SourceTitle "playchess.com"]
[Source "ChessBase"]
[SourceQuality "1"]
[TimeControl "40/5400+30:900+30"]

1. Nf3 d5 2. g3 Nf6 3. Bg2 c6 4. O-O Bf5 5. d3 h6 6. Nbd2 Bh7 7. Qe1 e6 8. e4 dxe4 9. dxe4 Be7 10. Qe2 O-O 11. Rd1 Qc7 12. e5 Nfd7 13. Nc4 Na6 14. Nd4 Rad8 15. Bf4 Nb4 16. Qg4 Kh8 17. Nd6 Nxc2 18. Nxf7+ Rxf7 19. Nxe6 Nxe5 20. Nxd8 Bxd8 21. Bxe5 Qb6 22. Qc8 Rf8 23. Qd7 Qxf2+ 24. Kh1 Bf6 25. Rf1 Qe2 26. Bxf6 gxf6 27. Qd6 Kg8 28. Rad1 Ne3 29. Qe6+ Rf7 30. Bf3 Qxf3+ 31. Rxf3 Nxd1 32. Rxf6 Be4+ 33. Kg1 Bd5 34. Qg4+ 1-0

[Event "Mukachevo IM May 2019"]
[Site "Mukachevo"]
[Date "2019.05.11"]
[Round "5.4"]
[White "Ceres, Dragos"]
[Black "Tiba, Vladyslav"]
[Result "1/2-1/2"]
[ECO "B41"]
[WhiteElo "2317"]
[BlackElo "2370"]
[Annotator "NA"]
[PlyCount "59"]
[EventDate "2019.05.09"]
[EventType "tourn"]
[EventCountry "UKR"]
[SourceTitle "playchess.com"]
[Source "ChessBase"]
[SourceQuality "1"]
[TimeControl "40/5400+30:900+30"]

1. e4 c5 2. Nf3 e6 3. d4 cxd4 4. Nxd4 a6 5. c4 Nf6 6. Nc3 Bb4 7. Bd3 Nc6 8. Nc2 Bxc3+ 9. bxc3 O-O {[%emt 0:00:48] B41: Sicilian: Kan Variation: 5 c4} (9... d5 10. exd5 exd5 11. O-O O-O 12. cxd5 Qxd5 13. Ne3 Qc5 14. Nc4 Rd8 15. Be3 Qf8 16. Qc2 b5 17. Nb6 {½-½ (28) Gomez Garrido,C (2527)-Gonzalez Zamora,J (2499) Merida 2016}) 10. Ba3 d6 11. O-O Qc7 12. e5 $1 dxe5 13. Bxf8 Kxf8 14. Ne3 $146 ({Predecessor:} 14. Qc1 e4 15. Be2 Ne5 16. Qa3+ Kg8 17. Rfd1 {1-0 (52) Dominguez Pons,E (2313)-Beltran Rueda,S (2370) Barcelona 2011}) 14... Bd7 15. Qb3 e4 16. Be2 Ne5 17. Qb4+ Kg8 18. c5 Bc6 19. Rfd1 Ned7 20. Nc4 Nd5 21. Qa3 Qf4 22. Bf1 N7f6 23. Qc1 Qc7 24. Nd6 Qa5 25. c4 Nc3 26. Qd2 Qa3 {[%emt 0:00:19] [#]} 27. Qe3 ({White should play} 27. Re1 $1 $16) 27... Qa5 28. Qd2 $11 Qa3 29. Qe3 Qa5 30. Qd2 1/2-1/2

[Event "Mukachevo IM May 2019"]
[Site "Mukachevo"]
[Date "2019.05.11"]
[Round "5.5"]
[White "Oros, Robert"]
[Black "Larkin, Vladyslav"]
[Result "0-1"]
[ECO "C24"]
[WhiteElo "2316"]
[BlackElo "2366"]
[Annotator "NA"]
[PlyCount "64"]
[EventDate "2019.05.09"]
[EventType "tourn"]
[EventCountry "UKR"]
[SourceTitle "playchess.com"]
[Source "ChessBase"]
[SourceQuality "1"]
[TimeControl "40/5400+30:900+30"]

1. e4 e5 2. Bc4 Nf6 3. d3 Bc5 4. Nc3 c6 5. Qe2 (5. Nf3 d6 6. h3 O-O 7. O-O Re8 8. Ne2 Nbd7 9. Ng3 Nf8 10. c3 Bb6 11. Bb3 Be6 12. a4 d5 13. Bg5 h6 14. Bxf6 Qxf6 {½-½ (94) Rapport,R (2731)-Kramnik,V (2777) Wijk aan Zee 2019}) 5... h6 (5... b5 $5 6. Bb3 $8 a5 $11) 6. Nf3 {[%emt 0:00:33] C27: Vienna Game: 2...Nf6 3 Bc4 Nxe4} d6 7. Bb3 Nbd7 $146 ({Predecessor:} 7... Qe7 8. Be3 Bxe3 9. Qxe3 Be6 10. O-O Nbd7 11. d4 O-O 12. Rad1 Bxb3 13. axb3 {1-0 (31) Ranaivoharisoa,A (2159)-Randriambololona,H Antananarivo 2012}) 8. Be3 Bxe3 9. Qxe3 Nc5 10. d4 exd4 11. Qxd4 O-O 12. O-O-O Nxb3+ 13. axb3 Qb6 14. Qd2 Re8 15. Rhe1 Bg4 16. h3 Bxf3 17. gxf3 Re6 18. f4 Rae8 19. f3 d5 $11 20. e5 Nh5 21. Rg1 f6 22. Na4 Qb5 23. Qg2 Qb4 ({Not} 23... fxe5 24. Qg4 $16) 24. Kb1 b5 25. Qg6 bxa4 26. Qxh5 Qxf4 27. exf6 Qxf6 28. bxa4 Rb8 29. b3 Rxb3+ 30. cxb3 Re2 31. Rxg7+ Qxg7 32. Qg4 Rb2+ 0-1

[Event "Mukachevo IM May 2019"]
[Site "Mukachevo"]
[Date "2019.05.12"]
[Round "6.1"]
[White "Tran, David"]
[Black "Larkin, Vladyslav"]
[Result "0-1"]
[ECO "B25"]
[WhiteElo "2070"]
[BlackElo "2366"]
[Annotator "NA"]
[PlyCount "112"]
[EventDate "2019.05.09"]
[EventType "tourn"]
[EventCountry "UKR"]
[SourceTitle "playchess.com"]
[Source "ChessBase"]
[SourceQuality "1"]
[TimeControl "40/5400+30:900+30"]

1. e4 c5 2. Nc3 Nc6 3. g3 g6 4. Bg2 Bg7 5. d3 d6 6. f4 e6 7. Nf3 Nge7 8. O-O O-O 9. Be3 $11 Rb8 10. Bf2 b5 11. d4 b4 12. Ne2 Ba6 13. dxc5 dxc5 14. Qxd8 Rfxd8 15. Rae1 Bxb2 16. Bxc5 Bc3 17. Nxc3 Bxf1 18. Bxf1 bxc3 19. Bc4 Rd7 20. Re3 Na5 21. Bb3 Nxb3 22. axb3 Rc8 23. Rxc3 Rdc7 24. b4 a5 25. Rb3 axb4 26. Bxb4 Nc6 27. Bd6 Rd7 28. e5 Na5 29. Rb8 Rxb8 30. Bxb8 Nc4 31. Kf2 h6 32. Ke2 Kf8 33. c3 Rb7 34. Bd6+ Nxd6 35. exd6 Rd7 36. c4 Rxd6 37. Ne5 g5 38. c5 Rd8 39. Ke3 f6 40. Nc4 gxf4+ 41. gxf4 Ke7 42. Nb6 Rd1 43. Nc8+ Kd7 44. Nd6 Rxd6 45. cxd6 Kxd6 46. Kd4 h5 47. Kc4 e5 48. Kd3 f5 49. fxe5+ Kxe5 50. Ke3 f4+ 51. Kf3 Kf5 52. h3 Ke5 53. Kf2 Ke4 54. Ke2 f3+ 55. Ke1 Kf4 56. Kf2 h4 0-1

[Event "Mukachevo IM May 2019"]
[Site "Mukachevo"]
[Date "2019.05.12"]
[Round "6.2"]
[White "Tiba, Vladyslav"]
[Black "Oros, Robert"]
[Result "1/2-1/2"]
[ECO "B30"]
[WhiteElo "2370"]
[BlackElo "2316"]
[Annotator "ChessBase"]
[PlyCount "115"]
[EventDate "2019.05.09"]
[EventType "tourn"]
[EventCountry "UKR"]
[SourceTitle "playchess.com"]
[Source "ChessBase"]
[SourceQuality "1"]
[TimeControl "40/5400+30:900+30"]

1. e4 c5 2. Nf3 Nc6 3. Bb5 e6 4. O-O Nge7 5. d4 cxd4 6. Nxd4 Qb6 7. Nxc6 dxc6 8. Bc4 Ng6 9. Kh1 e5 10. Qf3 Be6 11. Bxe6 fxe6 12. Qg4 O-O-O 13. Qxe6+ Kb8 14. Bg5 Rc8 15. Nd2 Bc5 16. Nc4 Qc7 17. Rad1 Rce8 18. Qh3 b5 19. Rd7 Qc8 20. Na5 Bb6 21. b4 Nf8 22. Rf7 Ne6 23. Be3 Rhf8 24. Rb7+ Qxb7 25. Nxb7 Kxb7 26. Bxb6 Kxb6 27. Qxh7 Nd4 28. c3 Ne2 29. Qxg7 Nxc3 30. Qg3 Na4 31. Rc1 Nb2 32. Qe3+ Kb7 33. g3 Rd8 34. h4 Nc4 35. Qc5 Rf7 36. Rxc4 bxc4 37. Kg2 Rd4 38. b5 Rc7 39. Qxe5 Rd3 40. h5 cxb5 41. Qxb5+ Kc8 42. h6 Rdd7 43. e5 c3 44. e6 Re7 45. Qf5 Kb8 46. Qc2 Rc8 47. g4 Rxe6 48. g5 Re5 49. f4 Re3 50. h7 Rd8 51. g6 Kc7 52. g7 Rd2+ 53. Qxd2 cxd2 54. g8=Q d1=Q 55. Qc4+ Kb6 56. Qb4+ Kc6 57. Qc4+ Kb6 58. Qb4+ 1/2-1/2

[Event "Mukachevo IM May 2019"]
[Site "Mukachevo"]
[Date "2019.05.12"]
[Round "6.3"]
[White "Vachylia, Andrii"]
[Black "Ceres, Dragos"]
[Result "0-1"]
[ECO "E04"]
[WhiteElo "2285"]
[BlackElo "2317"]
[Annotator "ChessBase"]
[PlyCount "84"]
[EventDate "2019.05.09"]
[EventType "tourn"]
[EventCountry "UKR"]
[SourceTitle "playchess.com"]
[Source "ChessBase"]
[SourceQuality "1"]
[TimeControl "40/5400+30:900+30"]

1. d4 Nf6 2. c4 e6 3. Nf3 d5 4. g3 dxc4 5. Bg2 Nc6 6. O-O Rb8 7. Nc3 b5 8. a4 b4 9. Nb5 a6 10. Ne5 Nxe5 11. dxe5 Nd5 12. Nd4 Bb7 13. Qc2 c3 14. Rd1 c5 15. Nf3 Qc7 16. e4 cxb2 17. Bxb2 Nb6 18. a5 Nd7 19. Nd2 Be7 20. Nc4 O-O 21. f4 Rfe8 22. Qe2 Bc6 23. Qg4 Bb5 24. Nd6 c4 25. Bd4 Bf8 26. f5 Nc5 27. Bf1 Nb3 28. Nxe8 Rxe8 29. Bb6 Qxe5 30. Ra2 c3 31. Bxb5 Qxb5 32. fxe6 Rxe6 33. Rf2 Nxa5 34. Bd4 Nc6 35. Be3 b3 36. Rdf1 Ne5 37. Qd1 c2 38. Qc1 f6 39. Rf5 Qd3 40. Ba7 Nc4 41. R5f2 Qxe4 42. Rf4 b2 0-1

[Event "Mukachevo IM May 2019"]
[Site "Mukachevo"]
[Date "2019.05.12"]
[Round "6.4"]
[White "Martynyuk, Elizaveta"]
[Black "Shankovskyi, Andrii"]
[Result "1-0"]
[ECO "C50"]
[WhiteElo "2141"]
[BlackElo "2374"]
[Annotator "NA"]
[PlyCount "69"]
[EventDate "2019.05.09"]
[EventType "tourn"]
[EventCountry "UKR"]
[SourceTitle "playchess.com"]
[Source "ChessBase"]
[SourceQuality "1"]
[TimeControl "40/5400+30:900+30"]

1. e4 e5 2. Nf3 Nc6 3. Bc4 Nf6 4. d3 Bc5 5. c3 d6 6. Bb3 a6 7. Nbd2 h6 8. h3 O-O 9. O-O Nh5 10. Nxe5 dxe5 11. Qxh5 Qxd3 12. Bd5 Ne7 13. Nb3 Ba7 14. Qxe5 c6 15. Bxh6 gxh6 16. Rad1 Qb5 17. a4 Qb6 18. Bc4 Ng6 19. Qg3 Kg7 20. a5 Bb8 21. Qxg6+ Kxg6 22. axb6 a5 23. f4 a4 24. Nc5 Ra5 25. Nd7 Bxd7 26. Rxd7 a3 27. bxa3 Rxa3 28. Rf3 Ra1+ 29. Kh2 Rb1 30. Rxb7 f5 31. e5 h5 32. Rg3+ Kh6 33. Rgg7 Rh8 34. Rge7 h4 35. Re6+ 1-0

[Event "Mukachevo IM May 2019"]
[Site "Mukachevo"]
[Date "2019.05.12"]
[Round "6.5"]
[White "Itkis, Boris"]
[Black "Shkuran, Danylo"]
[Result "1/2-1/2"]
[ECO "D10"]
[WhiteElo "2327"]
[BlackElo "2357"]
[Annotator "NA"]
[PlyCount "60"]
[EventDate "2019.05.09"]
[EventType "tourn"]
[EventCountry "UKR"]
[SourceTitle "playchess.com"]
[Source "ChessBase"]
[SourceQuality "1"]
[TimeControl "40/5400+30:900+30"]

1. d4 d5 2. c4 c6 3. cxd5 cxd5 4. Nc3 Nf6 5. Nf3 Nc6 6. Bf4 e6 7. e3 Bd6 8. Bxd6 Qxd6 9. Bd3 O-O 10. O-O Bd7 11. Rc1 Rfc8 12. a3 $11 e5 13. dxe5 Nxe5 14. Nxe5 Qxe5 15. Qf3 Bg4 16. Qg3 Qxg3 17. hxg3 a6 18. Na4 Rxc1 19. Rxc1 Rc8 20. Rxc8+ Bxc8 21. Nc3 Kf8 22. f3 Ke7 23. Kf2 Kd6 24. g4 h6 25. Ne2 Be6 26. Nd4 Nd7 27. Ke2 Ne5 28. b3 g6 29. Kd2 Bd7 30. Be2 Kc5 1/2-1/2